 Dungeon Crawl Stone Soup version 0.29.0-15-g675c0067aa (webtiles) character file.

Game seed: 7788483043723201324

27 RascalDebosk the Chopper (level 2, -4/40 HPs)
             Began as a Minotaur Berserker on Sept 11, 2022.
             Was a Follower of Trog.
             Slain by a black bear (8 damage)
             ... on level 2 of the Dungeon.
             The game lasted 00:05:30 (907 turns).

RascalDebosk the Chopper (Minotaur Berserker)        Turns: 907, Time: 00:05:30

Health: -4/40      AC:  5    Str: 21    XL:     2   Next: 93%
Magic:  1/1        EV: 11    Int:  4    God:    Trog [*.....]
Gold:   17         SH:  0    Dex:  9    Spells: 1/1 levels left

rFire   . . .      SeeInvis +   a - +0 hand axe
rCold   . . .      Faith    .   (no shield)
rNeg    . . .      Spirit   .   c - +0 ring mail
rPois   .          Reflect  .   (helmet restricted)
rElec   .          Harm     .   (no cloak)
rCorr   .          Rampage  .   (no gloves)
Will    .....                   (no boots)
Stlth   ..........              (no amulet)
HPRegen 0.13/turn               e - ring of see invisible
MPRegen 0.07/turn               (no ring)

@: berserking, very quick
A: horns 2, retaliatory headbutt
a: Renounce Religion, Berserk


You were on level 2 of the Dungeon.
You worshipped Trog.
Trog was aware of your devotion.
You visited 1 branch of the dungeon, and saw 2 of its levels.

You collected 17 gold pieces.

Inventory:

Hand Weapons
 a - a +0 hand axe (weapon)
Armour
 c - a +0 ring mail (worn)
 f - a +0 scale mail
Jewellery
 e - a ring of see invisible (left hand)
Scrolls
 b - a scroll of poison {unknown}
 d - a scroll of identify {unknown}
 g - a scroll of enchant armour {unknown}


   Skills:
 + Level 3.9 Fighting
 + Level 4.0 Axes
 + Level 1.0 Throwing
 + Level 2.8 Armour
 - Level 2.1 Dodging
 + Level 0.8 Evocations


You had one spell level left.
You didn't know any spells.
Your spell library was empty.

Dungeon Overview and Level Annotations

Branches:
Dungeon (2/15)

Altars:


Innate Abilities, Weirdness & Mutations

You have a pair of horns on your head.
You reflexively headbutt those who attack you in melee.


Message History

You headbutt the black bear, but do no damage.
The black bear claws you but does no damage.
The black bear claws you.
You hit the black bear but do no damage.
The black bear is moderately wounded.
You hit the endoplasm. The black bear barely misses you.
The black bear claws you. x2
* * * LOW HITPOINT WARNING * * *
The endoplasm closely misses you.
A red film seems to cover your vision as you go berserk!
You feel yourself moving faster!
You feel mighty!
The black bear bites you but does no damage.
The black bear claws you.
* * * LOW HITPOINT WARNING * * *
The black bear claws you but does no damage.
The endoplasm completely misses you.
You barely miss the black bear.
The black bear is moderately wounded.
You hit the endoplasm.
You kill the endoplasm!
Trog accepts your kill. The black bear bites you.
* * * LOW HITPOINT WARNING * * *
The black bear claws you but does no damage.
The black bear barely misses you.
Your Axes skill increases to level 4!
Your Throwing skill increases to level 1!
You slash the black bear!
The black bear is severely wounded.
You hit the black bear.
The black bear is almost dead.
The black bear goes berserk!
You barely miss the black bear. Your headbutt misses the black bear.
The black bear is almost dead.
The black bear misses you.
The black bear claws you but does no damage. x2
You hit the black bear.
The black bear is almost dead.
The black bear bites you!
You die...

.. ..... J#..
.... #### ##.##
#.... ##...##
......###.....##
#..gh@.......#
......###.....###
#...............#
####..#####.###.#
##........#
...)......# #.#
###.####..# #.#
#..# ... #..##
#.#


You could see a black bear (berserk) and a goblin.

Vanquished Creatures
  2 bats (D:1)
  7 endoplasms
  A giant cockroach (D:1)
  2 goblins (D:1)
  3 hobgoblins (D:1)
  2 jackals (D:1)
  2 kobolds (D:1)
  2 frilled lizards (D:1)
21 creatures vanquished.

Notes
Turn   | Place    | Note
-------+----------+-------------------------------------------
     0 | D:1      | RascalDebosk the Minotaur Berserker began the quest for the
                  | Orb.
     0 | D:1      | Reached XP level 1. HP: 19/19 MP: 0/0
   295 | D:1      | Reached XP level 2. HP: 19/27 MP: 1/1
   895 | D:2      | Noticed a black bear
   904 | D:2      | Reached skill level 4 in Axes
   904 | D:2      | Reached skill level 1 in Throwing
   907 | D:2      | Slain by a black bear

Illustrated notes

Levels and vault maps discovered:
D:1:      evilmike_arrival_fibonacci_small, layout_basic,
          grunt_decor_mini_mirrors
D:2:      layout_loops_ring, shapermc_ecumenical_altar_ellora,
          kennysheep_generic_room_13

Skill      XL: |  1  2 |
---------------+-------+-----
Axes           | 4 |  4.0
Throwing       | 1 |  1.0
Fighting       | |  3.9
Armour         | |  2.8
Dodging        | |  2.1
Evocations     | |  0.8

Action                   || total
-------------------------++-------
Melee: Hand axe          ||    44
       Headbutt          ||     5
Invok: Berserk           ||     1
Armor: Ring mail         ||    18
Dodge: Dodged            ||    32
